 Dungeon Sprint DCSS version 0.17-a0-1625-g47e540b (webtiles) character file.

77 Kidiri the Sneak (level 4, -2/34 HPs)
             Began as a Spriggan Enchanter on Aug 2, 2015.
             Drowned by a water elemental (4 damage)
             ... in the Dungeon (Sprint III: "The Ten Rune Challenge").
             The game lasted 00:04:19 (234 turns).

Kidiri the Sneak (Spriggan Enchanter)                Turns: 234, Time: 00:04:19

Health: -2/34      AC:  4    Str:  9    XL:     4   Next: 14%
Magic:  12/12      EV: 20    Int: 16    God:
Gold:   26         SH:  0    Dex: 17    Spells: 5 memorised, 2 levels left

rFire  . . .     SeeInvis +     a - +1 dagger
rCold  . . .     Rnd*Rage +     b - +1 robe
rNeg   . . .     SustAt   .     (shield restricted)
rPois  .         Gourm    .     (helmet restricted)
rElec  .         Spirit   .     (no cloak)
rCorr  .         Warding  .     (gloves unavailable)
rMut   .         NoTele   +     (boots unavailable)
MR     .....                    (no amulet)
Stlth  ..........               (no ring)
                                (no ring)

@: berserking, engulfed (cannot breathe), very quick, not resistant to hostile
enchantments, extremely unstealthy
A: unfitting armour, icy blue scales 1, see invisible, berserk 1, deterioration
1, herbivore 3, speed 3, robust 1, slow metabolism 2, wild magic 1
a: no special abilities


You were in the Dungeon.
You were not hungry.

You visited 1 branch You collected 26 gold pieces.

Inventory:

Hand weapons
 a - a +1 dagger (weapon)
Armour
 b - a +1 robe (worn)
Scrolls
 j - a scroll of blinking
 k - a scroll of enchant armour
 n - a scroll of torment {unknown}
 p - 3 scrolls of remove curse
 t - a scroll of holy word {unknown}
Potions
 e - a potion of curing
 f - a potion of heal wounds
 g - a potion of haste
 h - 3 potions of magic
 r - a potion of lignification {unknown}
 s - 2 potions of flight
 u - 2 potions of brilliance {unknown}
Books
 c - a book of Maledictions

   Spells                             Type                      Level
   a - Corona                         Hexes                        1
   b - Ensorcelled Hibernation        Hexes/Ice                    2
   c - Confuse                        Hexes                        3
   d - Tukima's Dance                 Hexes                        3
   e - Dazzling Spray                 Conjuration/Hexes            3
Comestibles
 d - a bread ration
 l - a slice of pizza
 q - 2 royal jellies


   Skills:
 + Level 3.2 Short Blades
 + Level 5.1 Dodging
 * Level 7.9 Stealth
 * Level 5.6 Spellcasting
 + Level 0.0 Conjurations
 + Level 4.8 Hexes
 + Level 1.7 Ice Magic


You had 2 spell levels left.
You knew the following spells:

 Your Spells              Type           Power        Failure   Level  Hunger
a - Corona                Hex            ####...      5%          1    None
b - Ensorcelled Hibernat  Hex/Ice        ###...       16%         2    #......
c - Confuse               Hex            ####....     16%         3    ##.....
d - Tukima's Dance        Hex            ####....     16%         3    ##.....
e - Dazzling Spray        Conj/Hex       ###.....     30%         3    ##.....


Dungeon Overview and Level Annotations

Branches:
Dungeon (1/1)

Altars:


Innate Abilities, Weirdness & Mutations

You are tiny and cannot use many weapons and most armour.
You have supernaturally acute eyesight.
You are a herbivore.
You cover ground extremely quickly.
You need consume almost no food.
You are partially covered in icy blue scales (AC +1).
You tend to lose your temper in combat.
Your body sometimes deteriorates upon taking damage.
You are robust (+10% HP).
Your spells are a little harder to cast, but a little more powerful.


Message History

* * * LOW HITPOINT WARNING * * *
Your lungs strain for air!
The water elemental closely misses you.
You are too injured to fight recklessly!
You are too injured to fight recklessly!
You are too injured to fight recklessly!
You are too injured to fight recklessly!
You are too injured to fight recklessly!
You puncture the water elemental!
The water elemental is almost destroyed.
* * * LOW HITPOINT WARNING * * *
Your lungs strain for air!
You hit the water elemental.
The water elemental is almost destroyed.
* * * LOW HITPOINT WARNING * * *
Your lungs strain for air!
The water elemental completely misses you.
You barely miss the water elemental.
The water elemental is almost destroyed.
You die...

▓▓▓▓▓▓▓▓ ▓▓▓ <..#...####
##.# ...#......#####..#
..##.......#..#..#
##.##.##..[#..#..###+#+##
##.##.###..##+#..#.......
#.####.##..###...E.⌠.....
.###..##..####..@#...####
#.....##..###....#.⌠.#
###..##%..##.....#...#
##..##....#......#+###
#..###..##.#.....# #..#
#..#####....# ▓▓▓▓ ▓▓▓▓
▓▓▓▓▓▓


You could see a water elemental.

Vanquished Creatures
  Jessica (D)
  A wolf (D)
  A human (D)
  2 oozes (D)
  A rat (D)
6 creatures vanquished.

Vanquished Creatures (others)
  2 draconian scorchers (D)
  A yaktaur (D)
3 creatures vanquished.

Grand Total: 9 creatures vanquished

Notes
Turn   | Place    | Note
--------------------------------------------------------------
     0 | D        | Kidiri the Spriggan Enchanter began the quest for the Orb.
     0 | D        | Reached XP level 1. HP: 9/9 MP: 5/5
     9 | D        | Reached skill level 5 in Stealth
    15 | D        | Reached XP level 2. HP: 10/13 MP: 5/7
    19 | D        | Learned a level 2 spell: Ensorcelled Hibernation
    96 | D        | Noticed Jessica
   102 | D        | Killed Jessica
   102 | D        | Reached skill level 6 in Stealth
   102 | D        | Reached skill level 1 in Ice Magic
   102 | D        | Reached XP level 3. HP: 16/16 MP: 8/10
   107 | D        | Learned a level 3 spell: Confuse
   111 | D        | Learned a level 3 spell: Tukima's Dance
   158 | D        | Noticed a wolf
   162 | D        | Killed a wolf
   162 | D        | Reached skill level 7 in Stealth
   162 | D        | Reached skill level 5 in Spellcasting
   162 | D        | Killed a yaktaur
   164 | D        | Reached skill level 5 in Dodging
   164 | D        | Reached XP level 4. HP: 21/21 MP: 4/12
   169 | D        | Learned a level 3 spell: Dazzling Spray
   194 | D        | Gained mutation: Your body sometimes deteriorates upon taking damage. [potion of mutation]
   194 | D        | Gained mutation: You are partially covered in icy blue scales (AC +1). [potion of mutation]
   194 | D        | Gained mutation: You are robust (+10% HP). [potion of mutation]
   195 | D        | Gained mutation: Your spells are a little harder to cast, but a little more powerful. [potion of mutation]
   195 | D        | Gained mutation: You tend to lose your temper in combat. [potion of mutation]
   209 | D        | Killed a white draconian scorcher
   223 | D        | Killed a white draconian scorcher
   225 | D        | Noticed a water elemental
   234 | D        | Drowned by a water elemental

Vault maps used:
D:        dungeon_sprint_mu

Action                   |  1- 3 |  4- 6 || total
-------------------------+-------+-------++-------
Melee: Dagger            |    11 |     6 ||    17
 Cast: Ensorcelled Hiber |     2 |       ||     2
  Use: Scroll            |       |     3 ||     3
       Potion            |       |     3 ||     3
 Stab: Sleeping          |     5 |       ||     5
